 Dungeon Crawl Stone Soup version 0.25-a0-1007-g10a8c3caa8 (webtiles) character file.

Game seed: 10486523215824620199, levelgen mode: deterministic

85710 inmateoo the Warrior (level 15, -27/146 HPs)
             Began as a Hill Orc Gladiator on May 12, 2020.
             Was the Champion of Beogh.
             Splashed with acid (34 damage)
             ... on level 5 of the Lair of Beasts.
             The game lasted 00:36:22 (22597 turns).

inmateoo the Warrior (Hill Orc Gladiator)          Turns: 22597, Time: 00:36:23

Health: -27/146    AC: 17    Str: 28    XL:     15   Next: 84%
Magic:  20/20      EV: 16    Int:  6    God:    Beogh [******]
Gold:   1103       SH:  0    Dex: 20    Spells: 14/14 levels left

rFire    + + +     SeeInvis .   D - +11 war axe of the Briny Deep {venom, *Noise Dex+6}
rCold    + . .     Gourm    .   (no shield)
rNeg     + . .     Faith    .   T - +2 plate armour {rC+}
rPois    +         Spirit   .   J - +2 helmet "Jank" {Str+4 Stlth+}
rElec    +         Reflect  .   s - +0 cloak {rC+}
rCorr    .         Harm     .   O - +1 pair of gloves of Polish {rN+ Dex+2}
MR       +....                  F - +2 pair of boots
Stlth    ..........             L - amulet of Riud {rElec rF+++ rC- Regen+ Stlth+}
HPRegen  0.00/turn              N - +3 ring of protection
MPRegen  0.17/turn              w - ring of poison resistance

@: corroded
A: walk on water, dopey 1, mutation resistance 1, inhibited regeneration
a: Smiting, Recall Orcish Followers, Give Item to Named Follower, Resurrection,
Renounce Religion


You were on level 5 of the Lair of Beasts.
You worshipped Beogh.
Beogh was exalted by your worship.
You were hungry.

You visited 4 branches of the dungeon, and saw 23 of its levels.
You also visited: Bailey, Gauntlet and Ice Cave.

You collected 2532 gold pieces.
You spent 1429 gold pieces at shops.

Inventory:

Hand Weapons
 D - the +11 war axe of the Briny Deep (weapon) {venom, *Noise Dex+6}
   (You found it on level 7 of the Dungeon)

   It poisons the flesh of those it strikes.
   It affects your dexterity (+6).
   It may make noises in combat.
 R - a +2 vorpal broad axe
Missiles
 d - 3 throwing nets (quivered)
 Q - 17 silver javelins
Armour
 s - a +0 cloak of cold resistance (worn)
 x - the +2 scale mail of Hepliaklqana's Scorn {rC+ Dex+3}
   (You bought it in a shop on level 6 of the Dungeon)

   It affects your dexterity (+3).
   It protects you from cold.
 F - a +2 pair of boots (worn)
 J - the +2 helmet "Jank" (worn) {Str+4 Stlth+}
   (You acquired it on level 14 of the Dungeon)

   It affects your strength (+4).
   It makes you more stealthy.
 O - the +1 pair of gloves of Polish (worn) {rN+ Dex+2}
   (You found it in a Gauntlet)

   It affects your dexterity (+2).
   It protects you from negative energy.
 T - a +2 plate armour of cold resistance (worn)
Jewellery
 g - an uncursed ring of fire
 n - an uncursed ring of magical power {unknown}
 q - an uncursed ring of protection from cold {unknown}
 w - a ring of poison resistance (right hand)
 L - the amulet of Riud (around neck) {rElec rF+++ rC- Regen+ Stlth+}
   (You found it in a Gauntlet)

   [amulet of regeneration]

   It renders you almost immune to fire.
   It makes you vulnerable to cold.
   It insulates you from electricity.
   It increases your rate of regeneration.
   It makes you more stealthy.
 N - a +3 ring of protection (left hand)
 V - an uncursed ring of ice
Wands
 e - a wand of disintegration (8)
 h - a wand of clouds (14)
 i - a wand of digging (3)
 m - a wand of paralysis (6)
 p - a wand of flame (34)
 r - a wand of polymorph (8)
 v - a wand of iceblast (49)
 y - a wand of acid (16)
 E - a wand of enslavement (12)
Scrolls
 c - 10 scrolls of remove curse
 j - 4 scrolls of amnesia
 k - 10 scrolls of identify
 l - 11 scrolls of teleportation
 z - 3 scrolls of magic mapping
 B - 3 scrolls of enchant weapon
 I - a scroll of fog
 M - 2 scrolls of enchant armour
 S - 2 scrolls of fear
 X - a scroll of blinking
Potions
 a - a potion of heal wounds
 b - 2 potions of mutation
 o - 7 potions of flight
 t - 6 potions of curing
 u - 5 potions of lignification
 A - a potion of magic
 C - a potion of haste
 G - 6 potions of cancellation
 H - 2 potions of brilliance
 K - a potion of ambrosia
Miscellaneous
 P - a phantom mirror
 U - a box of beasts
 Y - a phial of floods
Comestibles
 f - 21 rations


   Skills:
 + Level 16.8 Fighting
 - Level 10.2(12.0) Axes
   Level 8.9(10.3) Polearms
 - Level 1.7 Throwing
 + Level 14.2 Armour
 + Level 11.6 Dodging
 - Level 7.0 Invocations


You had 14 spell levels left.
You didn't know any spells.
Your spell library contained the following spells:

 Spells                   Type           Power        Failure   Level  Hunger
 Apportation              Tloc           #.....       97%         1    ##.....
 Beastly Appendage        Tmut           #.....       97%         1    ##.....
 Sandblast                Erth           #.....       97%         1    ##.....
 Passwall                 Tmut/Erth      #.......     99%         2    ###....
 Slow                     Hex            #.......     99%         2    ###....
 Sticks to Snakes         Tmut           #.......     99%         2    ###....
 Confusing Touch          Hex            #.......     100%        3    ####...
 Gell's Gravitas          Tloc           #.........   100%        3    ####...
 Mephitic Cloud           Conj/Pois/Air  #.......     100%        3    ####...
 Spectral Weapon          Hex/Chrm       #.......     100%        3    ####...
 Spider Form              Tmut/Pois      #.........   100%        3    ####...
 Stone Arrow              Conj/Erth      #.....       100%        3    ####...
 Summon Guardian Golem    Hex/Summ       #.......     100%        3    ####...
 Ice Form                 Ice/Tmut       #.......     100%        4    #####..
 Iskenderun's Mystic Bla  Conj/Tloc      #.......     100%        4    #####..
 Olgreb's Toxic Radiance  Pois           #.......     100%        4    #####..
 Passage of Golubria      Tloc           N/A          100%        4    #####..
 Petrify                  Tmut/Erth      #.......     100%        4    #####..
 Blade Hands              Tmut           #.........   100%        5    ######.
 Bolt of Magma            Conj/Fire/Erth #.........   100%        5    ######.
 Iskenderun's Battlesphe  Conj/Chrm      #.......     100%        5    ######.
 Lee's Rapid Deconstruct  Erth           #.........   100%        5    ######.
 Metabolic Englaciation   Hex/Ice        #.........   100%        5    ######.
 Yara's Violent Unravell  Hex/Tmut       #.........   100%        5    ######.
 Freezing Cloud           Conj/Ice/Air   #.........   100%        6    #######
 Invisibility             Hex            #.......     100%        6    #######
 Iron Shot                Conj/Erth      #.........   100%        6    #######
 Ozocubu's Refrigeration  Ice            #.........   100%        6    #######
 Simulacrum               Ice/Necr       #.........   100%        6    #######
 Orb of Destruction       Conj           #.........   100%        7    #######
 Spellforged Servitor     Conj/Summ      #.........   100%        7    #######
 Discord                  Hex            #.........   100%        8    #######


Dungeon Overview and Level Annotations

Branches:
Dungeon (15/15)            Temple (1/1) D:6            Lair (5/6) D:9
  Swamp (0/4) Lair:2       Spider (0/4) Lair:2        Slime (0/5) Lair:5
    Orc (2/2) D:11            Elf (0/3) Orc:2        Vaults (0/5) D:14
 Bailey (visited)           IceCv (visited)         Gauntlet (visited)
 Depths: D:15

Altars:
Ashenzari
Cheibriados
Dithmenos
Elyvilon
Fedhas
Gozag
Hepliaklqana
Kikubaaqudgha
Makhleb
Nemelex Xobeh
Okawaru
Qazlal
Ru
Sif Muna
Trog
Uskayaw
Vehumet
Wu Jian
Xom
Yredelemnul
Zin
The Shining One

Shops:
D:6 [   D:9 [   D:10 %   D:12 *   Orc:1 *   Orc:2 *([=

Annotations:
Lair:5 exclusion: 2 oklob plants


Innate Abilities, Weirdness & Mutations

You can walk on water.
You are dopey. (Int -2)
You are somewhat resistant to further mutation.
You do not regenerate when monsters are visible.


Message History

Your orc knight goes into a battle-frenzy!
Your orc knight roars a battlecry!
Your orc knight goes into a battle-frenzy!
The oklob plant spits acid at you. The splash of acid misses you.
The splash of acid hits your orc knight.
Your orc knight is splashed with acid.
The acid corrodes your orc knight!
Unknown command.
Unknown command.
Unknown command.
The oklob plant spits acid at you. The splash of acid hits you!
* * * LOW HITPOINT WARNING * * *
The acid corrodes you!
You are splashed with acid!
* * * LOW HITPOINT WARNING * * *
Your orc knight hits the oklob plant from afar with a +0 glaive!
There is a staircase to the Slime Pits here.
Unknown command.
You are splashed with acid!!
You die...

########
###......#####
###............###
#.....##.o.o.....#
##....####[.o.P..##
#.....#####.P.>..#
##....o######..@##
#.#......########
####.†††.#.##
###..^...# ###....#
#....# ##...# #..##
##.#


You could see 2 oklob plants and 3 friendly orc knights.

Vanquished Creatures
  Gastronok (Lair:3)
  A minotaur (Gauntlet)
  4 vault guards (D:14)
  4 hydras
  2 centaur warriors
  4 two-headed ogres
  Nergalle (D:10)
  Urug (Lair:3)
  3 orc high priests (Orc:2)
  4 unseen horrors
  A glowing orange brain (Gauntlet)
  4 orc knights
  A necromancer (IceCv)
  2 deep elf magi
  2 orc sorcerers (Orc:2)
  A slime creature (D:13)
  6 ugly things
  2 black mambas (Lair:4)
  An ice statue (IceCv)
  Joseph (D:8)
  2 gargoyles
  7 spiny frogs
  A yaktaur (D:12)
  A kobold demonologist (D:12)
  8 freezing wraiths
  4 komodo dragons
  6 trolls
  A merfolk (D:12)
  A polar bear (shapeshifter) (D:12)
  A raiju (Gauntlet)
  3 hornets
  3 dream sheep (Lair:5)
  4 blink frogs (Lair:4)
  5 hippogriffs
  A spriggan (D:12)
  A shadow (D:12)
  3 wyverns
  40 yaks
  A vampire (D:12)
  Eustachio (D:5)
  A water elemental (D:15)
  4 wargs (D:11)
  2 acid dragons (D:11)
  8 water moccasins
  9 orc warriors
  6 porcupines
  2 sky beasts
  9 ice beasts
  A necrophage (D:14)
  4 phantoms
  3 black bears
  9 ogres
  2 wolves (Lair:5)
  2 eyes of draining
  3 centaurs
  6 crocodiles
  A big kobold (D:7)
  10 bullfrogs
  A scorpion (D:10)
  A water moccasin skeleton (D:8)
  An elephant simulacrum (IceCv)
  2 crimson imps
  3 howler monkeys
  A quasit (D:11)
  7 draconian simulacra (IceCv)
  A bullfrog skeleton (D:11)
  3 centaur zombies
  5 hounds
  3 jellies
  12 orc priests
  Crazy Yiuf (D:3)
  6 centaur skeletons
  A gnoll shaman (D:10)
  3 iguanas
  13 orc wizards
  A spriggan simulacrum (IceCv)
  13 worker ants
  2 lightning spires (Gauntlet)
  2 troll simulacra (IceCv)
  3 wolf simulacra (IceCv)
  3 centaur simulacra (IceCv)
  A hound skeleton (D:6)
  2 worker ant zombies
  8 gnolls
  15 adders
  A naga simulacrum (IceCv)
  2 ogre simulacra (IceCv)
  2 shadow imps
  23 white imps
  An ooze (D:4)
  4 worms
  A dart slug (D:4)
  8 leopard geckos
  38 orcs
  3 ball pythons
  7 bats
  7 giant cockroaches
  5 hobgoblins
  8 jackals
  18 kobolds
  6 quokkas
  2 frilled lizards
  12 goblins
  8 rats
  6 fungi
498 creatures vanquished.

Vanquished Creatures (collateral kills)
  An orc warlord (Orc:2)
  5 hydras
  An orc knight (Orc:2)
  8 ugly things
  3 orc sorcerers
  2 deep elf magi
  A manticore (D:13)
  A black mamba (Lair:5)
  3 centaur zombies
  A spiny frog (Lair:4)
  2 centaur skeletons (D:14)
  3 freezing wraiths (IceCv)
  A rime drake (Lair:3)
  A komodo dragon (Lair:4)
  3 trolls
  A polar bear (Lair:5)
  2 slime creatures (D:13)
  2 dream sheep (Lair:5)
  2 hippogriffs
  A blink frog (Lair:4)
  A redback (Lair:2)
  A vampire (D:13)
  A wraith (D:14)
  11 yaks
  A warg (Orc:1)
  2 water moccasins
  5 orc warriors
  A porcupine (Lair:4)
  A sky beast (D:15)
  An ice beast (D:12)
  A black bear (Lair:3)
  A phantom (D:12)
  A centaur (D:12)
  3 wolves (Lair:5)
  An eye of draining (D:14)
  4 ogres
  A crocodile (Lair:4)
  A wyvern zombie (D:13)
  A bullfrog (Lair:3)
  A wyvern skeleton (D:12)
  4 wights
  A crimson imp (D:13)
  2 draconian simulacra (IceCv)
  3 orc wizards
  An orc priest (D:11)
  A worker ant (D:14)
  2 centaur simulacra (IceCv)
  A gnoll (Orc:1)
  A shadow imp (D:11)
  A white imp (Lair:3)
  7 orcs
  A goblin (Bailey)
  2 hobgoblins (Bailey)
  2 butterflies (Lair:3)
  25 fungi
  A plant (Lair:1)
139 creatures vanquished.

Vanquished Creatures (others)
  2 orc knights
  13 orc warriors
  8 orc priests
  9 orc wizards
  50 orcs
  A kobold (D:12)
  10 fungi
  3 plants
96 creatures vanquished.

Grand Total: 733 creatures vanquished

Notes
Turn   | Place    | Note
-------+----------+-------------------------------------------
     0 | D:1      | inmateoo the Hill Orc Gladiator began the quest for the
                  | Orb.
     0 | D:1      | Reached XP level 1. HP: 18/18 MP: 1/1
   297 | D:1      | Reached XP level 2. HP: 25/25 MP: 2/2
   896 | D:2      | Reached skill level 1 in Armour
   904 | D:2      | Reached XP level 3. HP: 24/30 MP: 3/3
  1065 | D:2      | Found a shimmering blue altar of Sif Muna.
  1128 | D:2      | Reached skill level 3 in Fighting
  1332 | D:2      | Reached XP level 4. HP: 32/38 MP: 4/4
  1627 | D:2      | Found an ornate altar of the Wu Jian Council.
  1771 | D:3      | Noticed a phantom
  1835 | D:3      | Reached XP level 5. HP: 28/45 MP: 5/5
  2470 | D:4      | Noticed an ogre
  2491 | D:3      | Reached skill level 5 in Polearms
  2531 | D:4      | Noticed a phantom
  2532 | D:4      | Became a worshipper of Beogh the Brigand
  2567 | D:5      | Entered Level 5 of the Dungeon
  2710 | D:5      | Reached XP level 6. HP: 32/52 MP: 6/6
  2864 | D:4      | Killed a phantom
  2864 | D:4      | Reached skill level 4 in Fighting
  3028 | D:5      | Gained mutation: You are dopey. (Int -2) [potion of
                  | mutation]
  3028 | D:5      | Gained mutation: You do not regenerate when monsters are
                  | visible. [potion of mutation]
  3028 | D:5      | Gained mutation: You are somewhat resistant to further
                  | mutation. [potion of mutation]
  3029 | D:5      | Noticed an ice beast
  3162 | D:6      | Noticed an orc warrior
  3165 | D:6      | Found a staircase to the Ecumenical Temple.
  3171 | Temple   | Entered the Ecumenical Temple
  3910 | D:4      | Noticed a phantom
  3938 | D:4      | Killed a phantom
  3938 | D:4      | Reached XP level 7. HP: 45/60 MP: 7/7
  4805 | D:3      | Found a runed translucent door.
  4806 | D:3      | Noticed Crazy Yiuf
  4814 | D:3      | Killed Crazy Yiuf
  5138 | D:5      | Reached skill level 5 in Fighting
  5637 | D:5      | Reached XP level 8. HP: 68/68 MP: 8/8
  5978 | D:5      | Found a bloodstained altar of Trog.
  6119 | D:6      | Noticed Eustachio
  6170 | D:6      | Found an iron altar of Okawaru.
  6190 | D:6      | Found Deats's Antique Armour Boutique.
  6197 | D:6      | Bought a robe for 16 gold pieces
  6198 | D:6      | Bought a translucent scale mail for 207 gold pieces
  6209 | D:6      | Identified the +2 scale mail of Hepliaklqana's Scorn {rC+
                  | Dex+3} (You bought it in a shop on level 6 of the Dungeon)
  6467 | D:5      | Killed Eustachio
  6787 | D:6      | Reached * piety under Beogh
  6787 | D:6      | Reached skill level 6 in Fighting
  6991 | D:6      | Found a snail-covered altar of Cheibriados.
  7124 | D:6      | Reached skill level 5 in Armour
  7422 | D:7      | Found a stormy altar of Qazlal.
  7534 | D:7      | Found a sparkling altar of Nemelex Xobeh.
  7650 | D:7      | Reached XP level 9. HP: 58/75 MP: 9/9
  8211 | D:7      | Found a hide-covered altar of Uskayaw.
  8249 | D:7      | Got a pitted war axe
  8250 | D:7      | Identified the +11 war axe of the Briny Deep {venom, *Noise
                  | Dex+6} (You found it on level 7 of the Dungeon)
  8452 | D:8      | Reached skill level 1 in Axes
  8452 | D:8      | Reached skill level 5 in Dodging
  8493 | D:8      | Reached ** piety under Beogh
  8570 | D:8      | Noticed Joseph
  8725 | D:8      | Killed Joseph
  8725 | D:8      | Reached skill level 7 in Fighting
  9022 | D:8      | Found a shimmering altar of Xom.
  9022 | D:8      | Found a sacrificial altar of Ru.
  9092 | D:9      | Found a staircase to the Lair.
  9121 | D:9      | Reached skill level 5 in Axes
  9166 | D:9      | Reached XP level 10. HP: 54/86 MP: 10/10
  9506 | D:9      | Found a glowing silver altar of Zin.
  9528 | D:9      | Reached skill level 8 in Fighting
  9551 | D:9      | Found a blossoming altar of Fedhas.
  9835 | D:9      | Reached *** piety under Beogh
 10034 | D:9      | Found Neqeus's Antique Armour Shop.
 10180 | D:10     | Entered Level 10 of the Dungeon
 10232 | D:10     | Found Tasil's Food Emporium.
 10260 | D:10     | Noticed Nergalle
 10272 | D:10     | Killed Nergalle
 10293 | D:10     | Killed an unseen horror
 10300 | D:10     | Reached skill level 9 in Fighting
 10302 | D:10     | Noticed a white ugly thing
 10304 | D:10     | Noticed a two-headed ogre
 10332 | D:9      | Killed a white ugly thing
 10332 | D:9      | Reached XP level 11. HP: 64/97 MP: 11/11
 10469 | D:10     | Killed a two-headed ogre
 10469 | D:10     | Reached skill level 10 in Axes
 11276 | D:11     | Noticed a two-headed ogre
 11287 | D:11     | Killed a two-headed ogre
 11287 | D:11     | Reached skill level 10 in Fighting
 11341 | D:11     | Found a gate leading to a gauntlet.
 11349 | Gauntlet | Entered a Gauntlet
 11349 | Gauntlet | Found a transporter.
 11349 | Gauntlet | Found a transporter.
 11349 | Gauntlet | Found a transporter.
 11349 | Gauntlet | Noticed a moth of wrath
 11492 | Gauntlet | Noticed a brown ugly thing
 11496 | Gauntlet | Noticed a glowing orange brain
 11505 | Gauntlet | Found a transporter.
 11509 | Gauntlet | Found a transporter.
 11521 | Gauntlet | Found a transporter.
 11540 | Gauntlet | Found a transporter.
 11540 | Gauntlet | Noticed a queen ant
 11559 | Gauntlet | Found a transporter.
 11565 | Gauntlet | Found a transporter.
 11604 | Gauntlet | Noticed a death ooze
 11605 | Gauntlet | Found a transporter.
 11631 | Gauntlet | Noticed a tengu warrior
 11635 | Gauntlet | Found a transporter.
 11645 | Gauntlet | Found a transporter.
 11702 | Gauntlet | Killed a glowing orange brain
 11702 | Gauntlet | Reached **** piety under Beogh
 11706 | Gauntlet | Killed a brown ugly thing
 11747 | Gauntlet | Got a flickering steel amulet
 11748 | Gauntlet | Identified the amulet of Riud {rElec rF+++ rC- Regen+
                  | Stlth+} (You found it in a Gauntlet)
 11856 | Gauntlet | Got a pair of translucent gloves
 11869 | Gauntlet | Identified the +1 pair of gloves of Polish {rN+ Dex+2} (You
                  | found it in a Gauntlet)
 11888 | Gauntlet | Noticed a minotaur
 11902 | Gauntlet | Killed a minotaur
 11903 | Gauntlet | Identified the Collected Works on Vitriolic Dislocation
 11912 | Gauntlet | Identified the Collected Works on Hexes
 11918 | Gauntlet | Got a twisted cloak
 11931 | Gauntlet | Identified the cursed -5 cloak of the Harvest Moon {Regen+
                  | Int+4} (You found it in a Gauntlet)
 12048 | D:11     | Reached XP level 12. HP: 73/108 MP: 12/12
 12101 | D:11     | Found a staircase to the Orcish Mines.
 12303 | D:11     | Gained Warbeogh as an ally
 12304 | D:11     | Your ally Warbeogh died
 12307 | D:11     | Reached skill level 11 in Fighting
 12385 | D:11     | Reached skill level 10 in Armour
 12714 | D:11     | You fall into a shaft and drop 3 floors!
 12770 | D:14     | You fall into a shaft and drop 1 floor!
 12770 | D:15     | Entered Level 15 of the Dungeon
 12770 | D:15     | Noticed a seven-headed hydra
 12778 | D:14     | Reached ***** piety under Beogh
 12839 | D:14     | Found a flagged portal.
 12853 | Bailey   | Entered a bailey
 12936 | Bailey   | Reached skill level 1 in Invocations
 13441 | D:14     | Identified a scroll of acquirement
 13441 | D:14     | Identified the +2 helmet "Jank" {Str+4 Stlth+} (You
                  | acquired it on level 14 of the Dungeon)
 13478 | D:14     | Noticed a centaur warrior
 13486 | D:14     | Gained Garbold as an ally
 13488 | D:14     | Killed a centaur warrior
 13692 | D:14     | Found a gate to the Vaults.
 13692 | D:14     | Noticed a vault guard
 13692 | D:14     | Noticed a vault guard
 13692 | D:14     | Noticed a vault guard
 13692 | D:14     | Noticed a vault guard
 13702 | D:14     | Killed a vault guard
 13702 | D:14     | Reached skill level 5 in Invocations
 13707 | D:14     | Reached skill level 12 in Fighting
 13709 | D:14     | Killed a vault guard
 13709 | D:14     | Killed a vault guard
 13713 | D:14     | Reached XP level 13. HP: 84/118 MP: 5/18
 13720 | D:14     | Killed a vault guard
 14642 | D:13     | Found a shadowy altar of Dithmenos.
 14738 | D:13     | Reached skill level 13 in Fighting
 15438 | D:12     | Found Imyong's Assorted Antiques.
 15446 | D:12     | Bought a scroll of identify for 70 gold pieces
 15446 | D:12     | Bought a sapphire potion for 31 gold pieces
 15446 | D:12     | Bought a scroll of identify for 70 gold pieces
 15446 | D:12     | Bought a scroll of identify for 70 gold pieces
 15476 | D:12     | Reached skill level 10 in Dodging
 15479 | D:12     | Reached ****** piety under Beogh
 16666 | Orc:1    | Entered Level 1 of the Orcish Mines
 16871 | Orc:1    | Found Ziroah's General Store.
 16882 | Orc:1    | Bought a potion of experience for 750 gold pieces
 16882 | Orc:1    | Bought a scroll of teleportation for 45 gold pieces
 16882 | Orc:1    | Reached skill level 15 in Fighting
 16882 | Orc:1    | Reached XP level 14. HP: 135/135 MP: 19/19
 16933 | Orc:1    | Paralysed by an orc sorcerer for 7 turns
 17151 | Orc:2    | Entered Level 2 of the Orcish Mines
 17246 | Orc:2    | Found Sihon's Antique Armour Shop.
 17254 | Orc:2    | Reached XP level 15. HP: 134/141 MP: 20/20
 17274 | Orc:2    | Found Qosefouj's General Store.
 17290 | Orc:2    | Bought a potion of curing for 51 gold pieces
 17290 | Orc:2    | Bought a scroll of identify for 34 gold pieces
 17290 | Orc:2    | Bought a scroll of identify for 34 gold pieces
 17290 | Orc:2    | Bought a scroll of teleportation for 51 gold pieces
 17534 | Orc:2    | Found Xelaosu's Antique Weapon Shoppe.
 17536 | Orc:2    | Noticed an orc warlord
 17538 | Orc:2    | Found a staircase to the Elven Halls.
 17542 | Orc:2    | Gained Bogwik as an ally
 17543 | Orc:2    | Your ally Bogwik died
 17544 | Orc:2    | Killed an orc warlord
 17593 | Orc:2    | Found Buas Fif's Jewellery Boutique.
 17925 | Lair:1   | Entered Level 1 of the Lair of Beasts
 18433 | Lair:1   | Gained Bolgrim as an ally
 18933 | Lair:2   | Found a staircase to the Swamp.
 18971 | Lair:2   | Found a hole to the Spider Nest.
 19391 | Lair:3   | Noticed Urug
 19397 | Lair:3   | Found a frozen archway.
 19408 | Lair:3   | Noticed Gastronok
 19409 | Lair:3   | Killed Urug
 19556 | Lair:3   | Killed Gastronok
 19558 | Lair:3   | Reached skill level 16 in Fighting
 19609 | IceCv    | Entered an ice cave
 19934 | IceCv    | Gained Olfrun as an ally
 19988 | IceCv    | Gained Okrist as an ally
 20026 | IceCv    | Your ally Okrist died
 20028 | IceCv    | Your ally Olfrun died
 20084 | IceCv    | Gained Worak as an ally
 20096 | IceCv    | Your ally Worak died
 20282 | IceCv    | Found an ancient bone altar of Kikubaaqudgha.
 20894 | Lair:3   | Identified the +3 chain mail of Makhleb's Whim {rCorr Str-5
                  | Int+6 Stlth+} (You found it on level 3 of the Lair of
                  | Beasts)
 22589 | Lair:5   | Found a staircase to the Slime Pits.
 22596 | Lair:5   | HP: 7/146 [acid (12)]
 22597 | Lair:5   | Splashed with acid

Illustrated notes

Levels and vault maps discovered:
D:1:      evilmike_arrival_rings, layout_basic
D:2:      layout_rooms, lemuel_crystal_altar, lemuel_round_altar
D:3:      layout_loops_ring, first_ration, uniq_crazy_yiuf_cottage
D:4:      layout_loops_ring, columned_hall_lemuel
D:5:      layout_basic, trog_book
D:6:      layout_basic, lemuel_coloured_pillars_altar, okawaru_gym_becter,
          temple_green, serial_shops, nicolae_shop_behind_doors,
          enter_ossuary_2, uniq_eustachio
D:7:      layout_loops_ring, nemelex_xobeh_ov_fountains_minmay,
          lemuel_round_altar, marbit_many_paths
D:8:      layout_rooms, gammafunk_temple_overflow_elements, uniq_joseph
D:9:      layout_long_grid, lemuel_crystal_altar, zin_statuary,
          lair_entry_dummy, serial_shops, kennysheep_little_box
D:10:     layout_long_grid, serial_shops, nicolae_shop_stone, uniq_nergalle
D:11:     layout_loops_ring, minmay_orc_entry_guard_dogs, special_room
          [special_room_orc], gauntlet_entry_generic
D:12:     minmay_the_grid_octo_triangle [minmay_the_grid_octo_checkerflower,
          minmay_the_grid_octo_prize_single_spiral, minmay_the_grid_octo_77],
          layout_cave_pods, serial_shops, nicolae_shop_overgrown_old_shop,
          hangedman_stone_soup
D:13:     layout_basic, grunt_dithmenos_shadows
D:14:     layout_cave_pools, lightli_vaults_fourway_checkpoint, enter_bailey_3
D:15:     gammafunk_enter_depths_forms, layout_irregular_city, minivault_14,
          minmay_misc_feat_alley
Temple:   minmay_freezing_vapour_temple
Lair:1:   layout_cave_pods
Lair:2:   layout_chaotic_city, swamp_mist, spider_nest_entry_rubble,
          infiniplex_staircase_pool_2
Lair:3:   layout_chaotic_city, portal_ice_cave_entry_imps, st_stairs_3,
          lemuel_fruit_fields, infiniplex_staircase_pool, serial_bayou_shore_b,
          uniq_gastronok, uniq_urug
Lair:4:   layout_regular_city, lemuel_fruit_tree, grunt_megastairs_3
Lair:5:   layout_cave_shapes, minmay_slime_entry_oklob_enclosed,
          grunt_megastairs_4
Orc:1:    layout_caves, serial_shops, nicolae_shop_trees
Orc:2:    grunt_orc_gardens, layout_caves, grunt_orc_garden, grunt_orc_garden,
          grunt_orc_garden, grunt_orc_garden

Skill      XL: |  1  2  3  4  5  6  7  8  9 10 11 12 13 14 15 |
---------------+----------------------------------------------+-----
Armour         | 1 2 3 4 5 6 8 9 11 12 14 | 14.2
Polearms       | 4 5 6 7 8 |  8.9
Fighting       | 3 4 5 6 7 9 10 12 15 16 | 16.8
Dodging        | 3 4 5 6 8 9 10 11 | 11.6
Axes           | 5 9 10 | 10.2
Invocations    | 7 |  7.0
Throwing       | |  1.7

Action                   |  1- 3 |  4- 6 |  7- 9 | 10-12 | 13-15 || total
-------------------------+-------+-------+-------+-------+-------++-------
Melee: Trident           |   102 |   223 |   330 |       |       ||   655
       War axe           |       |       |    74 |   359 |   548 ||   981
       Unarmed           |       |       |       |       |     6 ||     6
       Quarterstaff      |       |       |       |       |     2 ||     2
Throw: Throwing net      |       |       |     2 |       |       ||     2
Invok: Convert to Beogh  |       |     1 |       |       |       ||     1
       Recall Orcish Fol |       |       |       |     2 |     9 ||    11
       Give Item to Name |       |       |       |       |     1 ||     1
Evoke: Wand              |       |       |    10 |       |       ||    10
  Use: Scroll            |     2 |     3 |    14 |     5 |    15 ||    39
       Potion            |       |     2 |       |     4 |     2 ||     8
 Stab: Sleeping          |     1 |       |     1 |     1 |     3 ||     6
       Held in net/web   |       |       |     2 |       |       ||     2
       Distracted        |       |       |       |     1 |    10 ||    11
       Paralysed         |       |       |       |       |     1 ||     1
  Eat: Chunk             |     1 |     5 |    14 |     5 |       ||    25
       Ration            |       |     1 |     1 |     3 |     8 ||    13
Armor: Leather armour    |    28 |    62 |    24 |       |       ||   114
       Scale mail        |       |       |   143 |   131 |    78 ||   352
       Skin              |       |       |       |       |    37 ||    37
       Plate armour      |       |       |       |       |   371 ||   371
Dodge: Dodged            |    59 |   182 |   258 |   310 |   543 ||  1352

Table legend:
 A = Non-vault XP
 B = Vault XP
 C = Vault XP percentage of total XP
 D = Non-vault monster count
 E = Vault monster count
 F = Vault count percentage of total count
                 A         B        C        D         E       F
            +---------+---------+-------+---------+---------+-------
      Total |   57764 |   32915 |  36.3 |     430 |     167 |  28.0
            +---------+---------+-------+---------+---------+-------
        D:1 |      17 |       0 |   0.0 |      10 |       0 |   0.0
        D:2 |     116 |       0 |   0.0 |      25 |       0 |   0.0
        D:3 |     330 |      42 |  11.3 |      28 |       1 |   3.4
        D:4 |     326 |       0 |   0.0 |      14 |       0 |   0.0
        D:5 |     704 |     196 |  21.8 |      19 |       1 |   5.0
        D:6 |     337 |       0 |   0.0 |       9 |       0 |   0.0
        D:7 |     452 |      39 |   7.9 |      18 |       1 |   5.3
        D:8 |     844 |     445 |  34.5 |      20 |       1 |   4.8
        D:9 |    3035 |       0 |   0.0 |      35 |       0 |   0.0
       D:10 |    3101 |     674 |  17.9 |      19 |       1 |   5.0
       D:11 |    6361 |    1062 |  14.3 |      39 |      14 |  26.4
       D:12 |    5176 |    4721 |  47.7 |      17 |      17 |  50.0
       D:13 |    6341 |      11 |   0.2 |      25 |       1 |   3.8
       D:14 |    7120 |    6646 |  48.3 |      24 |      16 |  40.0
       D:15 |     472 |       0 |   0.0 |       3 |       0 |   0.0
     Temple |      79 |       0 |   0.0 |       5 |       0 |   0.0
     Lair:1 |    2044 |       0 |   0.0 |      11 |       0 |   0.0
     Lair:2 |    1646 |     193 |  10.5 |       4 |       1 |  20.0
     Lair:3 |    4893 |    3009 |  38.1 |      27 |      16 |  37.2
     Lair:4 |    7081 |     889 |  11.2 |      28 |       2 |   6.7
     Lair:5 |    5208 |     768 |  12.9 |      22 |       3 |  12.0
      Orc:1 |    1136 |       0 |   0.0 |      11 |       0 |   0.0
      Orc:2 |     945 |    4435 |  82.4 |      17 |      11 |  39.3
     Bailey |       0 |     895 | 100.0 |       0 |      21 | 100.0
      IceCv |       0 |    5957 | 100.0 |       0 |      54 | 100.0
   Gauntlet |       0 |    2933 | 100.0 |       0 |       6 | 100.0
            +---------+---------+-------+---------+---------+-------
